 Dungeon Crawl Stone Soup version 0.25-a0-589-g1e14c54 (webtiles) character file.

Game seed: 1700455492970667446, levelgen mode: deterministic

145 Faels the Cutter (level 5, -5/45 HPs)
             Began as a Minotaur Fighter on Mar 8, 2020.
             Slain by a bullfrog (7 damage)
             ... on level 3 of the Dungeon.
             The game lasted 00:06:02 (1755 turns).

Faels the Cutter (Minotaur Fighter)                 Turns: 1755, Time: 00:06:02

Health: -5/45      AC:  4    Str: 21    XL:     5   Next: 6%
Magic:  4/4        EV:  9    Int:  5    God:
Gold:   143        SH:  8    Dex: 10    Spells: 4/4 levels left

rFire    . . .     SeeInvis .   a - +0 rapier
rCold    . . .     Gourm    .   c - +0 kite shield
rNeg     . . .     Faith    .   w - +0 leather armour
rPois    .         Spirit   .   (helmet restricted)
rElec    .         Reflect  .   (no cloak)
rCorr    .         Harm     .   p - +0 pair of gloves (curse)
MR       .....                  (no boots)
Stlth    +.........             (no amulet)
HPRegen  0.15/turn              (no ring)
MPRegen  0.09/turn              (no ring)

@: heavily drained
A: retaliatory headbutt, horns 2
a: no special abilities


You were on level 3 of the Dungeon.
You were not hungry.

You visited 1 branch of the dungeon, and saw 3 of its levels.

You collected 143 gold pieces.

Inventory:

Hand Weapons
 a - a +0 rapier (weapon)
 s - a +2 dagger of pain
Missiles
 j - 11 javelins (quivered)
Armour
 b - a +0 scale mail
 c - a +0 kite shield (worn)
 k - a +0 ring mail
 p - a cursed +0 pair of gloves (worn)
 w - a +0 leather armour (worn)
Scrolls
 i - a scroll of magic mapping {unknown}
 l - 2 scrolls of teleportation {unknown}
 m - a scroll of fear {unknown}
 n - a scroll of fog {unknown}
 o - 2 scrolls of identify {unknown}
 q - a scroll of noise {unknown}
 v - a scroll of immolation {unknown}
Potions
 d - 4 potions of might
 e - 2 potions of flight {unknown}
 g - 3 potions of haste {unknown}
 r - a potion of heal wounds {unknown}
 t - a potion of lignification {unknown}
 u - a potion of degeneration {unknown}
Comestibles
 f - 5 rations
 h - 4 chunks of flesh


   Skills:
 - Level 3.6(2.1) Fighting
 * Level 4.5(3.0) Short Blades
 - Level 3.6(2.1) Armour
 + Level 2.4(1.0) Dodging
 + Level 1.6(0.2) Stealth
 - Level 3.6(2.1) Shields


You had 4 spell levels left.
You didn't know any spells.
Your spell library contained the following spells:

 Spells                   Type           Power        Failure   Level  Hunger
 Corona                   Hex            #......      97%         1    ##.....
 Ensorcelled Hibernation  Hex/Ice        #.....       99%         2    ###....
 Confusing Touch          Hex            #.......     100%        3    ####...
 Dazzling Flash           Conj/Hex       #.....       100%        3    ####...
 Tukima's Dance           Hex            #.......     100%        3    ####...


Dungeon Overview and Level Annotations

Branches:
Dungeon (3/15)

Altars:


Innate Abilities, Weirdness & Mutations

You reflexively headbutt those who attack you in melee.
You have a pair of horns on your head.


Message History

You hit the bullfrog. Your headbutt misses the bullfrog.
The bullfrog is severely wounded.
The bullfrog hits you! The bullfrog hits you.
You closely miss the bullfrog. Your headbutt misses the bullfrog.
The bullfrog is severely wounded.
The bullfrog barely misses you.
You closely miss the bullfrog.
The bullfrog is severely wounded.
The bullfrog hits you. x2
* * * LOW HITPOINT WARNING * * *
You closely miss the bullfrog. Your headbutt misses the bullfrog.
The bullfrog is severely wounded.
You block the bullfrog's attack. The bullfrog hits you.
* * * LOW HITPOINT WARNING * * *
You hit the bullfrog. Your headbutt misses the bullfrog.
The bullfrog is severely wounded.
The bullfrog hits you!
* * * LOW HITPOINT WARNING * * *
The bullfrog hits you!
You die...

#....#
#.....#
#....#
.....#
####.#
.....#
#.# #.#
#.###
#...#
#####.#
#gF@..#
#.#####
#. ..
...
....
.#.S.
[.....


You could see a bullfrog and a hobgoblin.

Vanquished Creatures
  Robin (D:2)
  A gnoll (D:1)
  4 adders
  An ooze (D:2)
  A worm (D:2)
  A dart slug (D:2)
  A leopard gecko (D:1)
  2 orcs (D:3)
  4 ball pythons (D:1)
  A giant cockroach (D:1)
  13 goblins
  9 hobgoblins
  7 jackals
  7 kobolds
  2 quokkas (D:2)
  10 bats
  3 frilled lizards
  4 rats
72 creatures vanquished.

Notes
Turn   | Place    | Note
-------+----------+-------------------------------------------
     0 | D:1      | Faels the Minotaur Fighter began the quest for the Orb.
     0 | D:1      | Reached XP level 1. HP: 19/19 MP: 0/0
    80 | D:1      | Reached XP level 2. HP: 24/26 MP: 1/1
    85 | D:1      | Reached skill level 1 in Dodging
    89 | D:1      | Reached skill level 3 in Short Blades
   593 | D:1      | Reached XP level 3. HP: 31/31 MP: 2/2
  1039 | D:2      | Found a faded altar of an unknown god.
  1143 | D:2      | Reached skill level 1 in Stealth
  1171 | D:2      | Reached XP level 4. HP: 38/39 MP: 3/3
  1174 | D:2      | Noticed Robin
  1193 | D:2      | Reached skill level 4 in Short Blades
  1196 | D:2      | Killed Robin
  1736 | D:3      | Noticed a bullfrog
  1743 | D:3      | Reached XP level 5. HP: 45/45 MP: 4/4
  1755 | D:3      | HP: 2/45 [bullfrog (7)]
  1755 | D:3      | Slain by a bullfrog

Levels and vault maps discovered:
D:1:      mrwooster_arrival_statue, layout_basic, hex_tiny, minmay_distorted
D:2:      layout_rooms, chequers_ecumenical_altar_island, uniq_robin
D:3:      layout_basic, gammafunk_ghost_necromancy

Skill      XL: |  1  2  3  4 |
---------------+-------------+-----
Dodging        | 1 2 |  2.4
Short Blades   | 3 4 |  4.5
Stealth        | 1 |  1.6
Fighting       | |  3.6
Armour         | |  3.6
Shields        | |  3.6

Action                   |  1- 3 |  4- 6 || total
-------------------------+-------+-------++-------
Melee: Rapier            |   105 |    71 ||   176
       Headbutt          |    18 |    10 ||    28
  Eat: Chunk             |     1 |     2 ||     3
Armor: Scale mail        |    22 |       ||    22
       Ring mail         |    35 |    10 ||    45
Dodge: Dodged            |    34 |    21 ||    55
Block: Kite shield       |    59 |    35 ||    94

Table legend:
 A = Non-vault XP
 B = Vault XP
 C = Vault XP percentage of total XP
 D = Non-vault monster count
 E = Vault monster count
 F = Vault count percentage of total count
                 A         B        C        D         E       F
            +---------+---------+-------+---------+---------+-------
      Total |     171 |      37 |  17.8 |      58 |      14 |  19.4
            +---------+---------+-------+---------+---------+-------
        D:1 |      63 |       4 |   6.0 |      28 |       3 |   9.7
        D:2 |      67 |      33 |  33.0 |      21 |      11 |  34.4
        D:3 |      41 |       0 |   0.0 |       9 |       0 |   0.0
            +---------+---------+-------+---------+---------+-------
